AoeStats
← lea.antonia2001

MegaRandom

509603858Analyzed
2v2 RM · 6d ago on Sep 27, 2026· 63m 21s· 4 players
Game mode
Random Map
Map size
Medium (4 player)
Population
200
Speed
Normal
Resources
Standard
Victory
Conquest
Starting age
Dark Age
Ending age
Imperial Age
RankedLock teamsTeams togetherTeam positionsShared explorationLock speedFull tech treeHidden civsTurbo modeCheats
Victory
Defeat
678
+20
🇨🇱 Franks · Chile
590
+40
🇩🇪 Magyars · Germany
761
-22
🇩🇪 Malians · Germany
744
-21
Лок’тар огар!
12:41 Feudal Age
17:36 Castle Age
18:00 Loom
24:54 Double-Bit Axe
27:38 Wheelbarrow
28:32 Bow Saw
29:37 Hand Cart
35:56 Imperial Age
33:37 Town Watch
34:38 Town Patrol
35:19 Pikeman
38:17 Heavy Scorpion
39:07 Siege Engineers
39:24 Fervor
40:37 Fletching
40:56 Murder Holes
44:06 Chemistry
50:35 Bombard Tower
50:16 Bodkin Arrow
49:49 Houfnice
TERRORKING4140
9:38 Loom
11:45 Feudal Age
12:35 Double-Bit Axe
25:19 Castle Age
26:03 Pikeman
27:08 Bow Saw
28:46 Light Cavalry
31:22 Gold Mining
31:25 Stone Mining
36:36 Wheelbarrow
37:44 Scale Barding Armor
37:31 Fletching
39:17 Hand Cart
39:59 Ordonnance Companies
44:44 Crossbowman
47:14 Forging
47:00 Bodkin Arrow
47:07 Padded Archer Armor
47:07 Scale Mail Armor
47:32 Chain Barding Armor
50:02 Imperial Age
48:57 Iron Casting
49:47 Chain Barding Armor
52:16 Gold Shaft Mining
52:23 Husbandry
52:29 Husbandry
53:42 Halberdier
53:48 Elite Skirmisher
57:47 Cavalier
62:30 Plate Barding Armor
63:19 Chivalry
lea.antonia2001
1:03 Loom
15:19 Feudal Age
25:30 Castle Age
31:23 Stone Mining
32:30 Gold Mining
33:06 Elite Skirmisher
42:05 Gold Shaft Mining
43:05 Double-Bit Axe
46:20 Bow Saw
49:03 Wheelbarrow
52:19 Imperial Age
53:32 Cavalier
CoyQuasar184961
8:16 Loom
11:12 Feudal Age
11:45 Double-Bit Axe
16:09 Bloodlines
21:42 Castle Age
21:44 Scale Barding Armor
24:44 Horse Collar
26:57 Wheelbarrow
27:21 Heavy Plow
29:15 Fletching
30:09 Hand Cart
29:39 Town Watch
30:01 Bodkin Arrow
32:42 Husbandry
35:10 Man-at-Arms
39:14 Imperial Age
36:53 Long Swordsman
39:29 Two-Handed Swordsman
41:34 Scale Mail Armor
41:33 Champion
42:05 Heavy Scorpion
45:27 Elite Magyar Huszar
48:59 Elite Skirmisher
53:16 Caravan
Connection lost

Rejoining the realm…

Still unreachable

The connection could not be restored.

Session expired

The server has moved on; the page needs a fresh start.